 Dungeon Crawl Stone Soup version 0.23.0-2-g0fe3ce5905 (webtiles) character file.

Game seed: 406875643920562476

5110 Esekla the Thaumaturge (level 10, -1/52 HPs)
             Began as a Deep Elf Wanderer on Feb 20, 2019.
             Was a Priest of Nemelex Xobeh.
             Hit by a javelin of returning thrown by a centaur (17 damage)
             ... in a bailey.
             The game lasted 01:57:02 (10879 turns).

Esekla the Thaumaturge (Deep Elf Wanderer)         Turns: 10879, Time: 01:57:03

Health: -1/52      AC:  5    Str: 11    XL:     10   Next: 32%
Magic:  18/24      EV: 17    Int: 22    God:    Nemelex Xobeh [***...]
Gold:   304        SH:  0    Dex: 11    Spells: 14/25 levels left

rFire    + . .     SeeInvis .   H - +9 falchion "Hell-Harrower" {flame, rPois}
rCold    . . .     Gourm    .   (no shield)
rNeg     . . .     Faith    .   c - +0 robe
rPois    +         Spirit   .   (no helmet)
rElec    .         Reflect  .   (no cloak)
rCorr    .         Harm     .   d - +1 pair of gloves
MR       +....                  C - +0 pair of boots
Stlth    ++........             (no amulet)
HPRegen  0.17/turn              l - +3 ring of evasion
MPRegen  0.19/turn              z - ring of protection from fire

@: no status effects
A: no striking features
a: Draw Escape, Draw Destruction, Draw Summoning, Triple Draw, Renounce Religion


You were in a bailey.
You worshipped Nemelex Xobeh.
Nemelex Xobeh was most pleased with you.
You were not hungry.

You visited 1 branch of the dungeon, and saw 8 of its levels.
You also visited: Bailey.

You collected 354 gold pieces.
You spent 50 gold pieces at shops.

Inventory:

Hand Weapons
 e - a +1 dagger
 w - a +0 spear
 D - a +3 shortbow of flaming
 H - the +9 falchion "Hell-Harrower" (weapon) {flame, rPois}
   (You found it on level 7 of the Dungeon)

   It has been specially enchanted to burn those struck by it, causing extra
   injury to most foes and up to half again as much damage against particularly
   susceptible opponents.
   Big, fiery blades are also staple armaments of hydra-hunters.
   It protects you from poison.
Missiles
 f - a tomahawk (quivered)
 h - 6 javelins of returning
 F - 73 arrows
Armour
 c - a +0 robe (worn)
 d - a +1 pair of gloves (worn)
 u - a +4 ring mail
 C - a +0 pair of boots (worn)
Jewellery
 l - a +3 ring of evasion (left hand)
 n - a +2 ring of intelligence
 s - an uncursed ring of ice
 z - a ring of protection from fire (right hand)
 G - the amulet "Uczalogg" {RegenMP rF- Str+4}
   (You found it on level 7 of the Dungeon)

   [amulet of magic regeneration]

   It increases your magic regeneration.
   It affects your strength (+4).
   It makes you vulnerable to fire.
Wands
 y - a wand of flame (15)
Scrolls
 b - a scroll of amnesia
 o - 2 scrolls of teleportation
 p - 3 scrolls of enchant armour
 r - 4 scrolls of remove curse
Potions
 a - 2 potions of magic {unknown}
 g - a potion of invisibility
 i - 5 potions of curing
 j - a potion of berserk rage
 k - 2 potions of lignification
 m - 3 potions of brilliance {unknown}
 q - 3 potions of might
 t - a potion of cancellation {unknown}
 v - 2 potions of mutation {unknown}
 x - 2 potions of flight
 E - a potion of agility {unknown}
Comestibles
 A - a ration


   Skills:
 - Level 1.5 Fighting
 - Level 5.2(5.6) Short Blades
 * Level 3.0(4.3) Long Blades
   Level 1.0 Axes
 * Level 5.4 Dodging
 - Level 2.4 Stealth
 - Level 8.3 Spellcasting
 + Level 5.0 Conjurations
 - Level 2.8 Necromancy
 + Level 7.0 Air Magic
 + Level 8.2 Poison Magic
 + Level 2.7 Invocations


You had 14 spell levels left.
You knew the following spells:

 Your Spells              Type           Power        Failure   Level  Hunger
a - Pain                  Necr           ###.         2%          1    None
b - Venom Bolt            Conj/Pois      #####.....   13%         5    #####..
c - Mephitic Cloud        Conj/Pois/Air  #####...     1%          3    None
v - Poisonous Vapours     Pois/Air       #####.       1%          2    None

Your spell library contained the following spells:

 Spells                   Type           Power        Failure   Level  Hunger
 Sting                    Conj/Pois      ####         1%          1    None
 Olgreb's Toxic Radiance  Pois           #####...     2%          4    ###....
 Vampiric Draining        Necr           ###.......   7%          3    None


Dungeon Overview and Level Annotations

Branches:
Dungeon (8/15)             Temple (0/1) D:7
   Lair: D:8-11

Altars:
Hepliaklqana
Kikubaaqudgha
Makhleb
Nemelex Xobeh
Sif Muna
Trog
Uskayaw
Yredelemnul
Zin

Shops:
D:6 *%}

Annotations:
D:5 3 runed translucent doors, H0rd4k's ghost, novice HuAr; Jabberih's ghost, novice DrCj
D:7 3 runed translucent doors, LLavrengius's ghost, novice HOFi


Message History

The javelin of returning misses you.
The weapon returns to the centaur!
Okay, then.
You start resting.
The centaur is too close now for your liking.
Casting: Poisonous Vapours (safe; 1% risk of failure)
Confirm with . or Enter, or press ? or * to list all spells.
Aiming: Poisonous Vapours (safe; 1% risk of failure)
Press: ? - help, Dir - move target cursor, f - centaur
Aim: a centaur, wielding a +0 halberd and wearing a +0 ring mail (hasn't noticed you) Poisonous vapours surround the centaur!
The centaur shouts!
You hear a shout!
The centaur is engulfed in poison gas.
The centaur is poisoned.
The centaur throws a javelin of returning.
The javelin of returning barely misses you.
The weapon returns to the centaur!
The centaur is engulfed in poison gas.
The centaur looks even sicker.
The centaur throws a javelin of returning.
The javelin of returning hits you!
You die...
Your body glows slightly and disappears.

≈≈≈≈≈≈≈)#...#)≈≈≈≈≈≈≈≈##
≈≈≈≈≈.)≈#...#≈.)≈≈≈≈≈≈≈#
≈≈≈..≈≈≈.....≈≈≈).≈≈≈≈≈#
≈≈.≈≈≈......)..≈≈≈(≈≈≈≈#
≈≈.≈.....≈≈≈.....≈.≈≈≈≈#
≈.≈≈.⌠..≈≈≈≈≈..⌠.≈≈.≈≈≈#
≈.≈.....≈≈≈≈≈.....≈.≈≈≈#
.≈≈....≈≈)≈)≈≈..).≈≈.≈≈#
.≈.....≈≈≈≈≈≈≈..@..≈.≈≈#
.≈.....≈≈≈}≈≈≈.....≈.≈≈#
.≈.....≈≈≈}≈≈≈.....≈.≈≈#
.≈≈≈?≈≈≈.....≈.≈≈#
≈≈≈≈≈≈≈.....≈.≈≈#
≈≈≈≈≈≈....≈≈.≈≈#
≈≈≈≈≈.....≈.≈≈≈#
≈≈c≈≈..⌠.≈≈.≈≈≈#
c≈≈≈.....≈.≈≈≈≈


You could see a centaur.

Vanquished Creatures
  Harold (D:7)
  A steam dragon (D:7)
  10 orc warriors
  A sky beast (D:6)
  3 ice beasts
  2 phantoms (D:6)
  4 ogres
  9 centaurs
  A crocodile (D:8)
  A big kobold (D:8)
  2 scorpions
  5 killer bees (D:7)
  3 howler monkeys (D:8)
  3 crimson imps
  A bullfrog zombie (D:7)
  2 centaur zombies
  A quasit (D:7)
  2 jellies
  4 orc priests
  2 hounds
  2 centaur skeletons (D:6)
  5 orc wizards
  An iguana (D:5)
  4 worker ants
  7 gnolls
  11 adders
  A shadow imp (D:7)
  2 oozes
  An adder zombie (D:6)
  An adder skeleton (D:7)
  2 worms (D:3)
  A dart slug (D:2)
  7 leopard geckos
  33 orcs
  3 ball pythons
  4 bats
  5 giant cockroaches
  13 goblins
  10 hobgoblins
  6 jackals
  11 kobolds
  5 quokkas
  4 frilled lizards
  6 rats
203 creatures vanquished.

Vanquished Creatures (others)
  A crimson imp (D:5)
  An orc priest (D:7)
  A ball lightning (D:5)
  15 plants (D:8)
18 creatures vanquished.

Grand Total: 221 creatures vanquished

Notes
Turn   | Place    | Note
-------+----------+-------------------------------------------
     0 | D:1      | Esekla the Deep Elf Wanderer began the quest for the Orb.
     0 | D:1      | Esekla set off with the following items: a +0 robe, a +0
                  | club, a +0 dagger, a ration; and the following spells
                  | available to memorise: Pain, Sting, Poisonous Vapours,
                  | Vampiric Draining, Mephitic Cloud, Olgreb's Toxic Radiance,
                  | Venom Bolt
     0 | D:1      | Reached XP level 1. HP: 12/12 MP: 7/7
    38 | D:1      | Learned a level 1 spell: Pain
    40 | D:1      | Learned a level 1 spell: Sting
   147 | D:1      | Reached XP level 2. HP: 11/16 MP: 4/9
   154 | D:1      | Reached skill level 1 in Short Blades
   191 | D:1      | Learned a level 2 spell: Poisonous Vapours
  1119 | D:1      | Reached XP level 3. HP: 16/20 MP: 8/11
  1132 | D:1      | Learned a level 3 spell: Mephitic Cloud
  1258 | D:2      | Found a hide-covered altar of Uskayaw.
  1290 | D:2      | Reached skill level 1 in Conjurations
  1446 | D:3      | Reached skill level 1 in Air Magic
  1752 | D:2      | Found a hazy altar of Hepliaklqana.
  1806 | D:2      | Reached XP level 4. HP: 22/25 MP: 6/12
  2217 | D:3      | Reached skill level 5 in Spellcasting
  2217 | D:3      | Reached XP level 5. HP: 18/29 MP: 4/14
  2559 | D:3      | Found an ancient bone altar of Kikubaaqudgha.
  2570 | D:3      | Found a basalt altar of Yredelemnul.
  2575 | D:3      | Found a burning altar of Makhleb.
  3001 | D:3      | Found a faded altar of an unknown god.
  3009 | D:3      | Became a worshipper of Nemelex Xobeh the Trickster
  3009 | D:3      | Received a gift from Nemelex Xobeh
  3009 | D:3      | Reached * piety under Nemelex Xobeh
  3121 | D:4      | Noticed an ogre
  3144 | D:4      | Killed an ogre
  3144 | D:4      | Reached skill level 1 in Dodging
  3144 | D:4      | Reached XP level 6. HP: 34/34 MP: 8/16
  3574 | D:5      | Entered Level 5 of the Dungeon
  3574 | D:5      | Noticed an ice beast
  3877 | D:4      | Reached ** piety under Nemelex Xobeh
  4080 | D:5      | Found a runed translucent gate.
  4511 | D:6      | Found Canuph's General Store.
  4592 | D:5      | Found a bloodstained altar of Trog.
  4655 | D:5      | Reached XP level 7. HP: 26/38 MP: 5/17
  4846 | D:6      | Bought a ration for 50 gold pieces
  5350 | D:5      | Found a runed translucent gate.
  5350 | D:5      | Found a runed translucent gate.
  5351 | D:5      | Noticed H0rd4k's ghost (novice HuAr)
  5351 | D:5      | Noticed Jabberih's ghost (novice DrCj)
  5383 | D:5      | Received a gift from Nemelex Xobeh
  6388 | D:6      | Reached XP level 8. HP: 25/43 MP: 16/19
  6612 | D:6      | Reached *** piety under Nemelex Xobeh
  6648 | D:6      | Reached skill level 5 in Poison Magic
  6741 | D:6      | Found Liamefun's Gadget Shop.
  6756 | D:6      | Received a gift from Nemelex Xobeh
  6791 | D:6      | Found Caut's Food Shoppe.
  7175 | D:7      | Reached skill level 5 in Air Magic
  7181 | D:7      | Received a gift from Nemelex Xobeh
  7669 | D:6      | Found a deep blue altar of Sif Muna.
  8089 | D:7      | Reached skill level 1 in Invocations
  8141 | D:7      | Got a wavering zirconium amulet
  8146 | D:7      | Identified the amulet "Uczalogg" {RegenMP rF- Str+4} (You
                  | found it on level 7 of the Dungeon)
  8207 | D:7      | Found a staircase to the Ecumenical Temple.
  8232 | D:7      | Reached XP level 9. HP: 18/47 MP: 19/22
  8462 | D:7      | Identified the +9 falchion "Hell-Harrower" {flame, rPois}
  8469 | D:7      | Noticed Harold
  8496 | D:7      | Found a runed translucent gate.
  8496 | D:7      | Found a runed translucent gate.
  8509 | D:7      | Killed Harold
  8509 | D:7      | Reached skill level 5 in Short Blades
  8509 | D:7      | Reached skill level 5 in Conjurations
  8527 | D:7      | Found a runed translucent gate.
  8638 | D:7      | Learned a level 5 spell: Venom Bolt
  8680 | D:7      | Noticed LLavrengius's ghost (novice HOFi)
  8887 | D:7      | Found a glowing silver altar of Zin.
  8936 | D:7      | Reached skill level 1 in Long Blades
  9336 | D:8      | Noticed a cyclops
  9374 | D:8      | Found a flagged portal.
  9704 | Bailey   | Entered a bailey
  9721 | Bailey   | Reached XP level 10. HP: 26/52 MP: 14/24
 10481 | Bailey   | Reached skill level 5 in Dodging
 10879 | Bailey   | Hit by a javelin of returning thrown by a centaur

Skill      XL: |  1  2  3  4  5  6  7  8  9 10 |
---------------+-------------------------------+-----
Short Blades   | 1 2 3 4 5 |  5.2
Conjurations   | 1 2 3 4 5 |  5.0
Air Magic      | 1 2 3 4 5 6 7 |  7.0
Poison Magic   | 2 3 4 6 7 8 |  8.2
Necromancy     | 2 |  2.8
Spellcasting   | 5 6 7 8 |  8.3
Dodging        | 1 2 4 5 |  5.4
Invocations    | 1 2 |  2.7
Long Blades    | 2 3 |  3.0
Fighting       | |  1.5
Axes           | |  1.0
Stealth        | |  2.4

Action                   |  1- 3 |  4- 6 |  7- 9 | 10-12 || total
-------------------------+-------+-------+-------+-------++-------
Melee: Dagger            |    44 |   115 |   208 |       ||   367
       Falchion          |       |       |    41 |     5 ||    46
Throw: Tomahawk          |     1 |     4 |    10 |     7 ||    22
 Cast: Sting             |    11 |       |       |       ||    11
       Pain              |    12 |    15 |     7 |       ||    34
       Poisonous Vapours |    31 |    59 |    91 |    62 ||   243
       Mephitic Cloud    |       |       |     1 |       ||     1
 Abil: Draw Destruction  |       |       |    15 |       ||    15
       Draw Escape       |       |       |     5 |       ||     5
  Use: Scroll            |       |     6 |     6 |       ||    12
       Potion            |       |       |     6 |     1 ||     7
 Stab: Sleeping          |     6 |     2 |       |       ||     8
       Held in net/web   |       |       |     1 |       ||     1
  Eat: Ration            |     1 |     2 |     4 |     1 ||     8
       Chunk             |       |       |     4 |       ||     4
Armor: Robe              |     6 |    21 |    46 |       ||    73
Dodge: Dodged            |    35 |   104 |   194 |    32 ||   365
       Rpst.: Falchion   |       |       |     6 |     1 ||     7
